 Dungeon Crawl Stone Soup version 0.25.1-2-g60ff931df9 (webtiles) character file.

Game seed: 7733152730480139019

72139 RUZZLEFAZAZZLE the Fighter (level 15, -2/234 HPs)
             Began as a Troll Monk on Aug 24, 2020.
             Was the Champion of the Shining One.
             Slain by a yak (13 damage)
             ... on level 4 of the Lair of Beasts.
             The game lasted 01:31:17 (18295 turns).

RUZZLEFAZAZZLE the Fighter (Troll Monk)            Turns: 18295, Time: 01:31:18

Health: -2/234     AC: 21    Str: 35    XL:     15   Next: 0%
Magic:  20/20      EV: 12    Int:  8    God:    the Shining One [******]
Gold:   1290       SH: 25    Dex: 12    Spells: 14/14 levels left

rFire    + + .     SeeInvis +   D - +3 mace (freeze)
rCold    x . .     Gourm    +   y - +1 tower shield {AC+3}
rNeg     + + +     Faith    .   B - +0 acid dragon scales
rPois    .         Spirit   .   c - +3 crown of Dyrovepreva {rElec Int+2 SInv}
rElec    +         Reflect  +   H - +2 cloak {rF+}
rCorr    +         Harm     .   (gloves unavailable)
MR       ++...                  (boots unavailable)
Stlth    ..........             k - amulet of reflection
HPRegen  0.89/turn              a - ring of Ydap {rC- MR+ Str+3}
MPRegen  0.17/turn              I - ring "Icoch" {+Fly Str+4}

@: berserking (expiring), glowing, very quick
A: large, unfitting armour, antennae 1, claws 3, blink, fire resistance 1, fast
metabolism 3, gourmand, regeneration 1, shaggy fur 1, tough skin 3
a: Blink, Divine Shield, Cleansing Flame, Summon Divine Warrior, Brand Weapon
With Holy Wrath, Renounce Religion, Evoke Flight


You were on level 4 of the Lair of Beasts.
You worshipped the Shining One.
The Shining One was exalted by your worship.
You were very full.

You visited 4 branches of the dungeon, and saw 23 of its levels.
You also visited: Sewer and Volcano.

You collected 2024 gold pieces.
You spent 734 gold pieces at shops.

Inventory:

Hand Weapons
 l - a +3 dire flail of protection
 D - a +3 mace of freezing (weapon)
 J - a +2 demon blade of flaming
 K - the +9 heavy crossbow "Sniper" {vorpal, Acc+∞ SInv}
   (You found it on level 10 of the Dungeon)

   Any bolt fired from it inflicts extra damage.
   It lets you see invisible.
Missiles
 M - 105 bolts
Armour
 c - the +3 crown of Dyrovepreva (worn) {rElec Int+2 SInv}
   (You found it on level 4 of the Dungeon)

   It affects your intelligence (+2).
   It insulates you from electricity.
   It lets you see invisible.
 y - a +1 tower shield of protection (worn)
 B - +0 acid dragon scales (worn)
 H - a +2 cloak of fire resistance (worn)
 N - +0 fire dragon scales
Jewellery
 a - the ring of Ydap (left claw) {rC- MR+ Str+3}
   (You bought it in a shop on level 14 of the Dungeon)

   [ring of protection from magic]

   It affects your strength (+3).
   It makes you vulnerable to cold.
   It affects your resistance to hostile enchantments.
 i - an uncursed ring of teleportation
 k - an amulet of reflection (around neck)
 p - an uncursed ring of protection from cold
 I - the ring "Icoch" (right claw) {+Fly Str+4}
   (You found it on level 14 of the Dungeon)

   [ring of flight]

   It affects your strength (+4).
   It lets you fly.
 L - a +4 ring of protection
Wands
 m - a wand of iceblast (9)
 q - a wand of acid (16)
 r - a wand of flame (32)
 x - a wand of disintegration (27)
 Q - a wand of polymorph (11)
 T - a wand of enslavement (12)
Scrolls
 d - 3 scrolls of fog
 e - 14 scrolls of identify
 f - 7 scrolls of teleportation
 j - 13 scrolls of remove curse
 n - a scroll of fear
 u - 5 scrolls of enchant armour
 w - a scroll of immolation
 F - a scroll of summoning
Potions
 h - 5 potions of flight
 o - 7 potions of curing
 s - 3 potions of brilliance
 A - 4 potions of haste
 E - a potion of magic
 P - a potion of resistance
 U - 2 potions of lignification
Miscellaneous
 g - a phantom mirror
Comestibles
 b - 45 rations


   Skills:
 * Level 12.1 Fighting
 + Level 9.2 Armour
 + Level 9.6 Dodging
 - Level 1.0 Stealth
 + Level 8.4 Shields
 + Level 11.2 Unarmed Combat
 + Level 8.6 Invocations


You had 14 spell levels left.
You didn't know any spells.
Your spell library contained the following spells:

 Spells                   Type           Power        Failure   Level  Hunger
 Animate Skeleton         Necr           N/A          90%         1    ##.....
 Apportation              Tloc           #.....       90%         1    ##.....
 Corona                   Hex            #......      90%         1    ##.....
 Summon Butterflies       Summ           #.......     90%         1    ##.....
 Summon Small Mammal      Summ           #...         90%         1    ##.....
 Call Imp                 Summ           #.......     97%         2    ###....
 Call Canine Familiar     Summ           #.......     99%         3    ####...
 Recall                   Summ/Tloc      N/A          99%         3    ####...
 Summon Guardian Golem    Hex/Summ       #.......     99%         3    ####...
 Vampiric Draining        Necr           #.........   99%         3    ####...
 Dispel Undead            Necr           #.......     100%        4    #####..
 Fulminant Prism          Conj/Hex       #.........   100%        4    #####..
 Sticky Flame             Conj/Fire      #.......     100%        4    #####..
 Summon Ice Beast         Ice/Summ       #.......     100%        4    #####..
 Summon Lightning Spire   Summ/Air       #.......     100%        4    #####..
 Aura of Abjuration       Summ           #.........   100%        5    ######.
 Irradiate                Conj/Tmut      #.........   100%        5    ######.
 Summon Demon             Summ           #.........   100%        5    ######.
 Summon Forest            Summ/Tloc      #.........   100%        5    ######.
 Summon Mana Viper        Hex/Summ       #.......     100%        5    ######.
 Hydra Form               Tmut           #.........   100%        6    #######
 Shadow Creatures         Summ           N/A          100%        6    #######
 Statue Form              Tmut/Erth      #........    100%        6    #######
 Dragon Form              Tmut           #.........   100%        7    #######
 Summon Hydra             Summ           #.........   100%        7    #######


Dungeon Overview and Level Annotations

Branches:
Dungeon (15/15)            Temple (1/1) D:6            Lair (5/6) D:9
 Shoals (0/4) Lair:4       Spider (0/4) Lair:4          Orc (2/2) D:10
    Elf (0/3) Orc:2        Vaults (0/5) D:13         Depths (0/5) D:15
  Sewer (visited)         Volcano (visited)
  Slime: Lair:5-6

Altars:
Ashenzari
Cheibriados
Dithmenos
Elyvilon
Fedhas
Gozag
Hepliaklqana
Kikubaaqudgha
Makhleb
Nemelex Xobeh
Okawaru
Qazlal
Ru
Sif Muna
Trog
Uskayaw
Vehumet
Wu Jian
Xom
Yredelemnul
Zin
The Shining One

Shops:
D:8 :   D:9 (?}([   D:10 %   D:13 (   D:14 =[   Orc:2 ([}

Annotations:
Lair:5 3 runed translucent doors, Zimaveycw's ghost, journeyman OpFi


Innate Abilities, Weirdness & Mutations

You are too large for most types of armour.
You have claws for hands.
Your metabolism is lightning-fast.
You like to eat raw meat.
Your natural rate of healing is unusually fast.
You are covered in fur. (AC +1)
You have extremely tough skin. (AC +3)
You have a pair of small antennae on your head.
You can translocate small distances at will.
Your flesh is heat resistant. (rF+)


Message History

The yak gores you.
* * * LOW HITPOINT WARNING * * *
You block the yak's attack. x2
You completely miss the yak.
The yak snorts and paws the ground.
You block the yak's attack. x2
Your acid dragon scales prevents you from hitting the yak.
The yak gores you.
* * * LOW HITPOINT WARNING * * *
You block the yak's attack.
You hit the yak. You freeze the yak.
The yak is lightly wounded.
You block the yak's attack. The yak gores you!
* * * LOW HITPOINT WARNING * * *
The yak snorts and paws the ground.
You block the yak's attack.
You hit the yak. You freeze the yak.
The yak is lightly wounded.
You block the yak's attack. The yak gores you!
You die...

#..........##
##..........##
##........#.#
#....#.....##
###..#......###
##...........####
##...............#
#...YY...........#
#...@............###
#..Y...........<.#.#
#.................##
##...............##
#...............## #
###................###
#...................##
###...................
##..............P....


You could see 3 yaks.

Vanquished Creatures
  2 fire dragons
  A yaktaur captain (D:10)
  3 vault guards (D:13)
  The ghost of Summon the Thaumaturge, a journeyman GnWz of Ashenzari (D:9)
  4 hydras
  5 centaur warriors
  An ogre mage (D:10)
  5 two-headed ogres
  2 tengu warriors (D:15)
  An orc high priest (Orc:2)
  An unseen horror (D:13)
  2 wizards (D:14)
  An orb spider (Lair:4)
  6 orc knights (Orc:2)
  A deep elf mage (D:13)
  2 manticores (D:15)
  2 salamanders (Volcano)
  11 ugly things
  4 orc sorcerers
  2 cyclopes
  A black mamba (Lair:2)
  A merfolk siren (Lair:4)
  3 gargoyles
  4 spiny frogs
  2 komodo dragons
  A rime drake (Lair:3)
  Maggie (D:7)
  2 efreet (D:13)
  A kobold demonologist (D:9)
  4 yaktaurs (D:13)
  A freezing wraith (D:14)
  9 trolls
  3 meliai (D:14)
  A polar bear (shapeshifter) (D:13)
  A polar bear (Lair:4)
  2 dream sheep (D:8)
  3 slime creatures (D:14)
  21 blink frogs
  6 hippogriffs
  Sigmund (D:6)
  A shadow (D:11)
  A water elemental (D:11)
  6 wyverns
  41 yaks
  3 hungry ghosts
  A steam dragon (D:12)
  5 vampire mosquitoes
  A basilisk (D:12)
  2 fire bats (Volcano)
  3 wargs
  An acid dragon (D:12)
  6 water moccasins
  2 hell hounds (Volcano)
  Duvessa (D:7)
  8 porcupines
  A black bear (D:10)
  25 orc warriors
  4 ice beasts
  7 sky beasts
  5 phantoms
  14 ogres
  2 necrophages
  27 centaurs
  10 crocodiles
  5 big kobolds
  A gnoll sergeant (D:3)
  16 bullfrogs
  Dowan (D:7)
  4 scorpions
  2 wyvern skeletons
  3 killer bees (D:12)
  21 wights
  An electric eel (Lair:1)
  4 howler monkeys
  7 centaur zombies
  7 crimson imps
  A bullfrog zombie (D:8)
  3 jellies
  6 hounds
  26 orc priests
  22 orc wizards
  Crazy Yiuf (D:3)
  3 bullfrog skeletons
  6 centaur skeletons
  Jessica (D:3)
  3 iguanas
  10 worker ants
  6 hell rats (Lair:2)
  2 hound skeletons
  2 worker ant zombies (D:10)
  4 gnolls
  12 adders
  A river rat (Sewer)
  7 shadow imps
  2 oozes
  2 adder zombies (D:8)
  6 worms
  2 dart slugs
  6 leopard geckos
  81 orcs
  2 ball pythons (D:5)
  5 bats
  13 giant cockroaches
  7 hobgoblins
  15 jackals
  A quokka (D:5)
  A ball python skeleton (D:5)
  A frilled lizard (D:2)
  9 goblins
  19 kobolds
  A quokka zombie (D:7)
  10 rats
673 creatures vanquished.

Vanquished Creatures (collateral kills)
  A fire dragon (D:15)
  An orc high priest (Orc:2)
  An orc sorcerer (Orc:2)
  An orc warrior (Orc:2)
  An ogre (D:9)
  An orc wizard (Orc:2)
6 creatures vanquished.

Vanquished Creatures (others)
  An orc (D:9)
  A bat (D:2)
  A fungus (Lair:2)
  3 plants
6 creatures vanquished.

Grand Total: 685 creatures vanquished

Notes
Turn   | Place    | Note
-------+----------+-------------------------------------------
     0 | D:1      | RUZZLEFAZAZZLE the Troll Monk began the quest for the Orb.
     0 | D:1      | Reached XP level 1. HP: 22/22 MP: 0/0
   314 | D:1      | Reached XP level 2. HP: 29/29 MP: 1/1
   577 | D:2      | Reached XP level 3. HP: 31/36 MP: 2/2
   640 | D:2      | Reached skill level 1 in Armour
  1010 | D:2      | Found a burning altar of Makhleb.
  1143 | D:3      | Found a glowing drain.
  1149 | D:3      | Reached XP level 4. HP: 44/44 MP: 3/3
  1166 | Sewer    | Entered a sewer
  1220 | Sewer    | Noticed a big kobold
  1242 | Sewer    | Killed a big kobold
  1242 | Sewer    | Reached skill level 3 in Fighting
  1242 | Sewer    | Reached XP level 5. HP: 35/53 MP: 4/4
  1300 | Sewer    | Found a glowing silver altar of Zin.
  1497 | D:4      | Reached XP level 6. HP: 23/61 MP: 5/5
  1752 | D:3      | Noticed Jessica
  1765 | D:3      | Killed Jessica
  1999 | D:3      | Found a runed translucent door.
  2000 | D:3      | Noticed Crazy Yiuf
  2005 | D:3      | Killed Crazy Yiuf
  2501 | D:4      | Reached XP level 7. HP: 61/68 MP: 6/6
  2510 | D:4      | Reached skill level 4 in Fighting
  2539 | D:4      | Found the +3 crown of Dyrovepreva {rElec Int+2 SInv}
  2634 | D:4      | Reached skill level 5 in Unarmed Combat
  2781 | D:4      | Gained mutation: Your system is resistant to poisons.
                  | (rPois) [potion of mutation]
  2781 | D:4      | Gained mutation: Your spells are a little harder to cast,
                  | but a little more powerful. [potion of mutation]
  3048 | D:5      | Entered Level 5 of the Dungeon
  3249 | D:5      | Reached skill level 1 in Shields
  3345 | D:5      | Reached XP level 8. HP: 79/79 MP: 7/7
  3782 | D:6      | Noticed Sigmund
  3791 | D:6      | Killed Sigmund
  3911 | D:5      | Reached skill level 5 in Fighting
  3930 | D:6      | Reached skill level 5 in Dodging
  4060 | D:6      | Found a staircase to the Ecumenical Temple.
  4104 | D:6      | Lost mutation: Your system is resistant to poisons. (rPois)
                  | [potion of mutation]
  4104 | D:6      | Lost mutation: Your spells are a little harder to cast, but
                  | a little more powerful. [potion of mutation]
  4104 | D:6      | Gained mutation: Your flesh is heat resistant. (rF+)
                  | [potion of mutation]
  4104 | D:6      | Gained mutation: You have a pair of small antennae on your
                  | head. [potion of mutation]
  4104 | D:6      | Gained mutation: You can translocate small distances at
                  | will. [potion of mutation]
  4123 | Temple   | Entered the Ecumenical Temple
  4133 | Temple   | Became a worshipper of the Shining One
  4133 | Temple   | Reached * piety under the Shining One
  4133 | Temple   | Reached ** piety under the Shining One
  4315 | D:6      | Reached XP level 9. HP: 88/88 MP: 8/8
  4425 | D:7      | Noticed Duvessa
  4427 | D:7      | Noticed Dowan
  4431 | D:7      | Killed Duvessa
  4434 | D:7      | Killed Dowan
  4582 | D:7      | Noticed Maggie
  4591 | D:7      | Killed Maggie
  4591 | D:7      | Reached skill level 1 in Invocations
  5145 | D:8      | Reached skill level 6 in Fighting
  5180 | D:8      | Found a hide-covered altar of Uskayaw.
  5276 | D:8      | Reached skill level 5 in Armour
  5286 | D:8      | Reached XP level 10. HP: 24/100 MP: 1/10
  5484 | D:8      | Reached *** piety under the Shining One
  5508 | D:8      | Found a snail-covered altar of Cheibriados.
  5649 | D:8      | Found Ulofug's Book Shoppe.
  5776 | D:8      | Noticed a two-headed hydra
  6067 | D:9      | Found Pissaiko's Antique Armour Emporium.
  6075 | D:9      | Bought a glowing robe for 88 gold pieces
  6075 | D:9      | Bought a shiny tower shield for 180 gold pieces
  6115 | D:9      | Reached skill level 7 in Fighting
  6289 | D:9      | Found Vezi's Magic Scroll Shoppe.
  6292 | D:9      | Found Sotsa's Antique Weapon Boutique.
  6310 | D:9      | Bought a scroll of identify for 30 gold pieces
  6310 | D:9      | Bought a scroll of identify for 30 gold pieces
  6427 | D:9      | Found a staircase to the Lair.
  6427 | D:9      | Found Xavekk's Antique Weapon Emporium.
  6494 | D:9      | Found Lileolu's Gadget Emporium.
  6522 | D:9      | Reached **** piety under the Shining One
  6741 | D:8      | Killed a four-headed hydra
  6860 | D:10     | Entered Level 10 of the Dungeon
  6885 | D:10     | Found a runed translucent gate.
  6885 | D:10     | Found a runed translucent gate.
  6885 | D:10     | Noticed a yaktaur captain
  6888 | D:10     | Noticed Summon's ghost (journeyman GnWz)
  6903 | D:10     | Found a runed translucent gate.
  6903 | D:10     | Found an opulent altar of Gozag.
  7032 | D:10     | Found a staircase to the Orcish Mines.
  7062 | D:10     | Reached XP level 11. HP: 77/110 MP: 13/13
  7082 | D:10     | Found the +9 heavy crossbow "Sniper" {vorpal, Acc+∞ SInv}
  7257 | D:10     | Reached skill level 8 in Fighting
  7328 | D:10     | Reached skill level 5 in Shields
  7344 | D:10     | Found Gautua's Food Emporium.
  7792 | D:9      | Killed Summon's ghost
  7816 | D:10     | Killed a yaktaur captain
  7826 | D:10     | Noticed a soul eater
  8201 | D:11     | Noticed a purple ugly thing
  8208 | D:11     | Killed a purple ugly thing
  8321 | D:11     | Reached skill level 5 in Invocations
  8649 | D:11     | Reached ***** piety under the Shining One
  8967 | D:12     | Reached skill level 9 in Fighting
  8972 | D:12     | Reached XP level 12. HP: 123/123 MP: 13/15
  9721 | D:13     | Found Ocuxo's Antique Weapon Emporium.
  9721 | D:13     | Noticed a centaur warrior
  9728 | D:12     | Killed a centaur warrior
  9887 | D:13     | Noticed a centaur warrior
  9902 | D:13     | Killed a centaur warrior
  9905 | D:13     | You fall into a shaft and drop 2 floors!
  9905 | D:15     | Entered Level 15 of the Dungeon
  9908 | D:15     | Noticed a centaur warrior
  9912 | D:15     | Killed a centaur warrior
 10118 | D:14     | Found Nitsir's Armour Shop.
 10152 | D:13     | Reached skill level 10 in Fighting
 10187 | D:13     | Reached ****** piety under the Shining One
 10197 | D:13     | Noticed a vault guard
 10207 | D:13     | Killed a vault guard
 10213 | D:13     | Reached XP level 13. HP: 133/133 MP: 16/16
 10464 | D:13     | Found a gate to the Vaults.
 10833 | D:14     | Reached skill level 10 in Unarmed Combat
 10997 | D:14     | Got a glittering granite ring
 10999 | D:14     | Identified the ring "Icoch" {+Fly Str+4} (You found it on
                  | level 14 of the Dungeon)
 11142 | D:14     | Found Epnet's Jewellery Emporium.
 11156 | D:14     | Bought the ring of Ydap {rC- MR+ Str+3} for 406 gold pieces
 11738 | D:15     | Reached skill level 11 in Fighting
 12124 | D:15     | Noticed a fire dragon
 12124 | D:15     | Noticed a fire dragon
 12134 | D:15     | Killed a fire dragon
 12138 | D:15     | Killed a fire dragon
 12240 | D:15     | Found a staircase to the Depths.
 12397 | Orc:1    | Entered Level 1 of the Orcish Mines
 12405 | Orc:1    | Reached XP level 14. HP: 122/146 MP: 18/18
 12695 | Orc:2    | Entered Level 2 of the Orcish Mines
 12926 | Orc:2    | Found a staircase to the Elven Halls.
 13025 | Orc:2    | Found Hemoag's Antique Weapon Emporium.
 13039 | Orc:2    | Paralysed by an orc sorcerer for 5 turns
 13748 | Orc:2    | Found Habovuc's Antique Armour Emporium.
 13760 | Orc:2    | Found Nyong's Antique Weapon Boutique.
 13786 | Orc:2    | Found Eqozuetu's Gadget Boutique.
 14072 | Lair:1   | Entered Level 1 of the Lair of Beasts
 14263 | Lair:1   | Found a dark tunnel.
 14283 | Volcano  | Entered a volcano
 16294 | Lair:3   | Reached skill level 12 in Fighting
 16359 | Lair:3   | You fall into a shaft and drop 1 floor!
 17332 | Lair:4   | Found a hole to the Spider Nest.
 17334 | Lair:4   | You fall into a shaft and drop 1 floor!
 17433 | Lair:5   | Found a runed translucent gate.
 17433 | Lair:5   | Noticed Zimaveycw's ghost (journeyman OpFi)
 17435 | Lair:5   | Found a runed translucent gate.
 17439 | Lair:5   | Found a runed translucent gate.
 17485 | Lair:4   | Got a thick robe
 17496 | Lair:4   | Identified the +2 robe "Vizat" {Str-3 Int+6} (You found it
                  | on level 4 of the Lair of Beasts)
 17533 | Lair:4   | Identified Sif Muna's Grimoire of Doomed Attacks
 18080 | Lair:4   | Found a staircase to the Shoals.
 18291 | Lair:4   | Reached XP level 15. HP: 20/156 MP: 20/20
 18294 | Lair:4   | HP: 10/234 [yak (10)]
 18295 | Lair:4   | Slain by a yak

Illustrated notes

Levels and vault maps discovered:
D:1:      matt_arrival_debris, layout_basic
D:2:      layout_rooms, marbit_many_paths, first_ration, skrybe_limestone_x,
          minmay_unequal
D:3:      layout_loops_ring, gup_sewer_entry_pipe, uniq_jessica,
          uniq_crazy_yiuf_cottage
D:4:      layout_cave_pools, lemuel_flame_loot_1
D:5:      layout_basic
D:6:      layout_basic, minmay_temple_entry_water_ring, uniq_sigmund
D:7:      layout_cave_pools, uniq_maggie, uniq_duvessa
D:8:      layout_rooms, serial_shops, nicolae_shop_crystal, hangedman_ranch
          [blue_anna_fruit_fields], hangedman_feature_mirror
D:9:      layout_gridville, lair_entry_dummy, serial_shops,
          nicolae_shop_waterfront, nicolae_shop_window_shopping, shop_statue,
          shop, shop
D:10:     layout_loops_ring, david_orc_3, ebering_ghost_gozag, serial_shops,
          shop
D:11:     layout_roguey, nrook_pool_corridor
D:12:     layout_basic, dk_vineyard_2, minmay_unpleasant_kobolds
D:13:     layout_rooms, lightli_vaults_fourway_checkpoint, serial_shops,
          shop_statue
D:14:     layout_small_grid, nrook_mini_vaults, serial_shops, shop, shop
D:15:     grunt_enter_depths_hoard, layout_gridville, minmay_misc_feat_tiny,
          corner_web_ring, minivault_24
Temple:   grunt_wide_crystal_templ
Lair:1:   layout_long_grid, enter_volcano_2, lemuel_fruit_fields,
          lemuel_fruit_fields, infiniplex_staircase_pool
Lair:2:   layout_cellular_growth
Lair:3:   layout_loops_ring, nicolae_quartered_pool_medium, lemuel_fruit_fields
Lair:4:   layout_cave_pods, elwin_shoals_entry_rooms,
          nicolae_spider_entry_orb_guardian, beast_lair_carwin_5
Lair:5:   layout_hall_layers, dpeg_slime_entry_enclosed_altar,
          gammafunk_ghost_hydra_chop, pond
Orc:1:    layout_caves, basic_altar, nicolae_orc_crystal_geode
Orc:2:    st_orc_elflike, layout_caves

Skill      XL: |  1  2  3  4  5  6  7  8  9 10 11 12 13 14 |
---------------+-------------------------------------------+-----
Armour         | 1 2 3 4 5 6 7 8 9 |  9.2
Dodging        | 3 4 5 6 7 8 9 |  9.6
Fighting       | 3 4 5 6 7 9 10 11 12 | 12.1
Unarmed Combat | 4 5 6 7 8 9 10 11 | 11.2
Shields        | 1 2 3 4 5 6 7 8 |  8.4
Invocations    | 2 4 5 6 7 8 |  8.6
Stealth        | |  1.0

Action                   |  1- 3 |  4- 6 |  7- 9 | 10-12 | 13-15 || total
-------------------------+-------+-------+-------+-------+-------++-------
Melee: Unarmed           |    93 |   230 |   289 |   789 |   829 ||  2230
       Punch             |     1 |     1 |       |       |       ||     2
       Mace              |       |       |       |     5 |    15 ||    20
Invok: Summon Divine War |       |       |       |       |     2 ||     2
       Cleansing Flame   |       |       |       |       |     1 ||     1
 Abil: Blink             |       |       |     1 |       |       ||     1
Evoke: Wand              |       |       |       |     8 |       ||     8
  Use: Scroll            |     5 |     1 |     6 |     6 |     5 ||    23
       Potion            |       |     5 |     7 |     8 |     3 ||    23
 Stab: Sleeping          |     1 |     3 |     2 |       |       ||     6
  Eat: Chunk             |    15 |    14 |    26 |    59 |    74 ||   188
Armor: Robe              |    33 |    79 |    76 |   118 |       ||   306
       Acid dragon scale |       |       |       |    74 |   192 ||   266
       Skin              |       |       |       |    26 |     2 ||    28
       Fire dragon scale |       |       |       |       |    31 ||    31
Dodge: Dodged            |    43 |   163 |    54 |   163 |   234 ||   657
Block: Other             |       |    20 |     3 |       |       ||    23
       Tower shield      |       |       |   199 |   924 |  1005 ||  2128
       Reflection        |       |       |     4 |    86 |    22 ||   112
